 Dungeon Crawl Stone Soup version 0.26-a0-663-g36e8fdb655 (webtiles) character file.

Game seed: 16033665984613150737

6089 jiml777 the Magician (level 10, -8/79 HPs)
             Began as a Gnoll Warper on Oct 10, 2020.
             Was an Initiate of Gozag.
             Mangled by a blink frog (13 damage)
             ... on level 1 of the Lair of Beasts on Oct 11, 2020.
             The game lasted 00:41:03 (10699 turns).

jiml777 the Magician (Gnoll Warper)                Turns: 10699, Time: 00:41:04

Health: -8/79      AC: 12    Str: 19    XL:     10   Next: 88%
Magic:  21/21      EV: 16    Int: 18    God:    Gozag
Gold:   426        SH: 14    Dex: 16    Spells: 19/24 levels left

rFire    . . .     SeeInvis .   w - +2 broad axe (freeze)
rCold    . . .     Faith    .   s - +3 buckler
rNeg     . . .     Spirit   .   n - +1 ring mail
rPois    .         Reflect  +   C - +1 helmet
rElec    .         Harm     .   y - +0 cloak of Circular Logic {Str+6}
rCorr    +         Rampage  .   (no gloves)
MR       .....                  B - +0 pair of boots
Stlth    +++.......             m - amulet of reflection
HPRegen  0.23/turn              J - ring of resist corrosion
MPRegen  0.17/turn              (no ring)

@: berserk cooldown
A: distributed training, fangs 1, strong nose
a: Potion Petition, Call Merchant, Bribe Branch, Renounce Religion


You were on level 1 of the Lair of Beasts.
You worshipped Gozag.
Gozag was aware of your devotion.
You visited 3 branches of the dungeon, and saw 10 of its levels.

You collected 756 gold pieces.
You spent 263 gold pieces at shops.
You paid 67 gold pieces to Gozag.

Inventory:

Hand Weapons
 r - a +2 trident of freezing
 w - a +2 broad axe of freezing (weapon)
 G - a +2 vampiric war axe
 H - the +5 hand axe of Pyromania {freeze, +Rage Dex+2}
   (You bought it in a shop on level 5 of the Dungeon)

   It has been specially enchanted to freeze those struck by it, causing extra
   injury to most foes and up to half again as much damage against particularly
   susceptible opponents.
   It can also slow down cold-blooded creatures.
   It affects your dexterity (+2).
   It lets you go berserk.
Missiles
 e - 5 boomerangs of dispersal
 i - 146 arrows
 j - 55 sling bullets
 k - 33 poisoned darts (quivered)
 o - 25 bolts
 q - 7 javelins
Armour
 n - a +1 ring mail (worn)
 s - a +3 buckler (worn)
 y - the +0 cloak of Circular Logic (worn) {Str+6}
   (You found it on level 5 of the Dungeon)

   It affects your strength (+6).
 B - a +0 pair of boots (worn)
 C - a +1 helmet (worn)
Jewellery
 m - an amulet of reflection (around neck)
 J - a ring of resist corrosion (left hand)
Wands
 b - a wand of paralysis (4)
Scrolls
 a - a scroll of magic mapping {unknown}
 f - a scroll of fear
 t - a scroll of torment {unknown}
 u - 2 scrolls of teleportation
 F - a scroll of silence {unknown}
 I - a scroll of fog
Potions
 c - 3 potions of cancellation
 g - 2 potions of stabbing
 h - 4 potions of lignification
 l - a potion of haste {unknown}
 z - 2 potions of magic {unknown}
 A - a potion of mutation {unknown}
 D - a potion of curing {unknown}
 E - a potion of resistance {unknown}


   Skills:
 + Level 7.4 Fighting
 + Level 5.7 Short Blades
 + Level 5.7 Long Blades
 + Level 5.7 Axes
 + Level 5.7 Maces & Flails
 + Level 7.4 Polearms
 + Level 5.7 Staves
 + Level 5.7 Slings
 + Level 5.7 Bows
 + Level 5.7 Crossbows
 + Level 6.3 Throwing
 + Level 6.3 Armour
 + Level 7.4 Dodging
 + Level 5.7 Stealth
 + Level 5.7 Shields
 + Level 5.7 Unarmed Combat
 + Level 7.6 Spellcasting
 + Level 4.7 Conjurations
 + Level 4.7 Hexes
 + Level 4.7 Summonings
 + Level 4.7 Necromancy
 + Level 7.3 Translocations
 + Level 4.7 Transmutations
 + Level 4.7 Fire Magic
 + Level 4.7 Ice Magic
 + Level 4.7 Air Magic
 + Level 4.7 Earth Magic
 + Level 4.7 Poison Magic
 + Level 6.2 Invocations
 + Level 5.7 Evocations


You had 19 spell levels left.
You knew the following spells:

 Your Spells              Type           Power        Failure   Level
a - Blink                 Tloc           N/A          1%          2
b - Teleport Other        Tloc           ####....     2%          3

Your spell library contained the following spells:

 Spells                   Type           Power        Failure   Level
 Beastly Appendage        Tmut           ###...       2%          1
 Gell's Gravitas          Tloc           ####......   2%          3
 Lesser Beckoning         Tloc           ####......   2%          3
 Wereblood                Tmut           ###.....     3%          2
 Spider Form              Tmut/Pois      ###.......   7%          3
 Passage of Golubria      Tloc           N/A          8%          4
 Ice Form                 Ice/Tmut       ###.....     24%         4
 Blade Hands              Tmut           ###.......   54%         5


Dungeon Overview and Level Annotations

Branches:
Dungeon (8/15)             Temple (1/1) D:6            Lair (1/6) D:8

Altars:
Ashenzari
Cheibriados
Dithmenos
Fedhas
Gozag
Hepliaklqana
Kikubaaqudgha
Makhleb
Nemelex Xobeh
Okawaru
Qazlal
Trog
Uskayaw
Vehumet
Wu Jian
Xom
Yredelemnul
The Shining One

Shops:
D:5 (   D:7 (

Annotations:
D:8 exclusion: 2 oklob plants


Innate Abilities, Weirdness & Mutations

Your experience applies equally to all skills.
You have very sharp teeth.
Your uncanny sense of smell can sniff out nearby items.


Message History

The blink frog blinks!
You see here 11 gold pieces.
You now have 415 gold pieces (gained 11).
You see here 4 gold pieces.
You now have 419 gold pieces (gained 4).
You feel yourself speed up.
The blink frog blinks!
You see here 7 gold pieces.
You now have 426 gold pieces (gained 7).
The blink frog croaks.
You slash the blink frog! You freeze the blink frog. You bite the blink frog.
The blink frog is heavily wounded.
The blink frog hits you.
* * * LOW HITPOINT WARNING * * *
The blink frog misses you.
The blink frog blinks!
You barely miss the blink frog. Your bite misses the blink frog.
The blink frog is heavily wounded.
You block the blink frog's attack. The blink frog hits you!
You die...
Your body crumbles into a pile of gold.

##.)# # #..###### #
##.#....###### #
#.....P.#.#.######
#................#
#...............##
#.....PF.........#
#.F......##.>..###
#.@......####...###
########......## ###.##..
##.....#.......# ##......#
#.........#....## #.......#
.≈≈....≈..##..#.##..##.##..
≈≈≈≈≈≈≈≈.........#.##...##.
≈≈≈≈≈≈≈≈≈..##P###..........
≈≈≈≈≈≈≈≈≈≈.F ## #..#.......
.≈≈≈≈≈≈≈≈.... .. ..8.8..#


You could see 2 blink frogs.

Vanquished Creatures
  A two-headed ogre (D:8)
  2 death yaks (D:8)
  A cane toad (Lair:1)
  A komodo dragon (Lair:1)
  2 blink frogs (Lair:1)
  Grinder (D:6)
  3 water moccasins
  2 ice beasts (D:7)
  A phantom (D:6)
  An orc warrior (D:6)
  A sky beast (D:6)
  6 wolves (Lair:1)
  An ogre (D:8)
  6 bullfrogs
  A water moccasin zombie (D:2)
  4 scorpions
  6 wights
  A howler monkey (D:4)
  The ghost of lunkers the Sneak, a weakling KoDe (D:5)
  3 hounds
  3 jellies
  5 orc wizards
  2 gnoll shamans
  A quasit (D:6)
  An iguana (D:7)
  4 worker ants
  A hound zombie (D:6)
  A hound skeleton (D:6)
  11 gnolls
  9 adders
  A river rat (D:8)
  2 white imps
  An ooze (D:5)
  An adder zombie (D:5)
  An adder skeleton (D:4)
  A worm (D:4)
  3 leopard geckos
  22 orcs
  A ball python (D:1)
  5 bats
  5 giant cockroaches
  8 goblins
  10 hobgoblins
  11 jackals
  3 quokkas
  3 frilled lizards (D:1)
  6 kobolds
  A quokka skeleton (D:5)
  10 rats
178 creatures vanquished.

Vanquished Creatures (others)
  An orc (D:7)
  3 fungi (Lair:1)
  A plant (Lair:1)
5 creatures vanquished.

Grand Total: 183 creatures vanquished

Notes
Turn   | Place    | Note
-------+----------+-------------------------------------------
     0 | D:1      | jiml777 the Gnoll Warper began the quest for the Orb.
     0 | D:1      | Reached XP level 1. HP: 20/20 MP: 6/6
   255 | D:1      | Reached XP level 2. HP: 3/26 MP: 7/7
   981 | D:1      | Reached XP level 3. HP: 28/31 MP: 9/9
  1112 | D:1      | Reached skill level 5 in Spellcasting
  1516 | D:2      | Found a stormy altar of Qazlal.
  1569 | D:2      | Reached skill level 1 in Invocations
  1958 | D:2      | Reached skill level 1 in Short Blades
  1958 | D:2      | Reached skill level 1 in Long Blades
  1958 | D:2      | Reached skill level 1 in Axes
  1958 | D:2      | Reached skill level 1 in Maces & Flails
  1958 | D:2      | Reached skill level 1 in Staves
  1958 | D:2      | Reached skill level 1 in Slings
  1958 | D:2      | Reached skill level 1 in Bows
  1958 | D:2      | Reached skill level 1 in Crossbows
  1958 | D:2      | Reached skill level 1 in Stealth
  1958 | D:2      | Reached skill level 1 in Shields
  1958 | D:2      | Reached skill level 1 in Unarmed Combat
  1958 | D:2      | Reached skill level 1 in Conjurations
  1958 | D:2      | Reached skill level 1 in Hexes
  1958 | D:2      | Reached skill level 1 in Summonings
  1958 | D:2      | Reached skill level 1 in Necromancy
  1958 | D:2      | Reached skill level 1 in Transmutations
  1958 | D:2      | Reached skill level 1 in Fire Magic
  1958 | D:2      | Reached skill level 1 in Ice Magic
  1958 | D:2      | Reached skill level 1 in Air Magic
  1958 | D:2      | Reached skill level 1 in Earth Magic
  1958 | D:2      | Reached skill level 1 in Poison Magic
  1958 | D:2      | Reached skill level 1 in Evocations
  1958 | D:2      | Reached XP level 4. HP: 14/38 MP: 11/11
  2154 | D:2      | Learned a level 2 spell: Blink
  2236 | D:2      | Found a hide-covered altar of Uskayaw.
  2251 | D:2      | Reached XP level 5. HP: 37/43 MP: 12/12
  2393 | D:2      | Found a shadowy altar of Dithmenos.
  3367 | D:3      | Found a broken altar of Ashenzari.
  3488 | D:3      | Found a faded altar of an unknown god.
  4147 | D:4      | Reached XP level 6. HP: 50/50 MP: 13/13
  4374 | D:4      | Reached skill level 5 in Fighting
  4374 | D:4      | Reached skill level 5 in Polearms
  4374 | D:4      | Reached skill level 5 in Dodging
  4412 | D:4      | Found a sparkling altar of Nemelex Xobeh.
  4485 | D:4      | Found an iron altar of Okawaru.
  4678 | D:5      | Entered Level 5 of the Dungeon
  5063 | D:5      | Noticed a water moccasin
  5085 | D:5      | Killed a water moccasin
  5085 | D:5      | Reached XP level 7. HP: 27/56 MP: 15/15
  5425 | D:5      | Noticed lunkers's ghost (weakling KoDe)
  5427 | D:5      | Found a runed translucent door.
  5448 | D:5      | Killed lunkers's ghost
  5600 | D:5      | Got an ancient cloak
  5608 | D:5      | Identified the cursed +0 cloak of Circular Logic {Str+6}
                  | (You found it on level 5 of the Dungeon)
  5993 | D:5      | Found Cyuchay's Antique Weapon Emporium.
  6247 | D:6      | Reached XP level 8. HP: 62/63 MP: 16/16
  6279 | D:6      | Found a blossoming altar of Fedhas.
  6435 | D:6      | Found an ancient bone altar of Kikubaaqudgha.
  6471 | D:6      | Found a staircase to the Ecumenical Temple.
  6487 | Temple   | Entered the Ecumenical Temple
  6532 | Temple   | Became a worshipper of Gozag Ym Sagoz the Greedy
  6838 | D:6      | Noticed Grinder
  6846 | D:6      | Paralysed by Grinder for 6 turns
  6855 | D:6      | Killed Grinder
  7103 | D:6      | Reached XP level 9. HP: 61/69 MP: 18/18
  7113 | D:6      | Learned a level 3 spell: Teleport Other
  7310 | D:5      | Bought an encrusted whip for 127 gold pieces
  7310 | D:5      | Identified the +1 whip of Gozag's Scorn {freeze, rC+ Str+4}
                  | (You bought it in a shop on level 5 of the Dungeon)
  7434 | D:5      | Bought an encrusted hand axe for 136 gold pieces
  7434 | D:5      | Identified the +5 hand axe of Pyromania {freeze, +Rage
                  | Dex+2} (You bought it in a shop on level 5 of the Dungeon)
  7719 | D:7      | Found Ovuh's Antique Weapon Shoppe.
  7943 | D:7      | Reached skill level 5 in Throwing
  7943 | D:7      | Reached skill level 5 in Armour
  8048 | D:7      | Found a burning altar of Makhleb.
  8048 | D:7      | Noticed a green death
  8250 | D:8      | Found an ornate altar of the Wu Jian Council.
  8559 | D:8      | Found a snail-covered altar of Cheibriados.
  8605 | D:8      | Noticed a death knight
  8644 | D:8      | Found a snail-covered altar of Cheibriados.
  8644 | D:8      | Noticed a two-headed ogre
  8671 | D:8      | Killed a two-headed ogre
  8671 | D:8      | Reached skill level 5 in Invocations
  8841 | D:8      | Noticed a death yak
  8841 | D:8      | Noticed a death yak
  8843 | D:8      | Found a staircase to the Lair.
  8843 | D:8      | Noticed a death yak
  9165 | D:8      | Killed a death yak
  9165 | D:8      | Reached skill level 5 in Short Blades
  9165 | D:8      | Reached skill level 5 in Long Blades
  9165 | D:8      | Reached skill level 5 in Axes
  9165 | D:8      | Reached skill level 5 in Maces & Flails
  9165 | D:8      | Reached skill level 5 in Staves
  9165 | D:8      | Reached skill level 5 in Slings
  9165 | D:8      | Reached skill level 5 in Bows
  9165 | D:8      | Reached skill level 5 in Crossbows
  9165 | D:8      | Reached skill level 5 in Stealth
  9165 | D:8      | Reached skill level 5 in Shields
  9165 | D:8      | Reached skill level 5 in Unarmed Combat
  9165 | D:8      | Reached skill level 5 in Evocations
  9165 | D:8      | Reached XP level 10. HP: 40/77 MP: 20/20
  9414 | D:8      | HP: 1/77 [death yak (5)]
  9421 | D:8      | Killed a death yak
  9652 | D:8      | Found a blossoming altar of Fedhas.
  9654 | D:8      | Noticed an oklob plant
  9654 | D:8      | Noticed an oklob plant
 10053 | Lair:1   | Entered Level 1 of the Lair of Beasts
 10367 | Lair:1   | Noticed a cane toad
 10635 | Lair:1   | Noticed a cane toad
 10657 | Lair:1   | Killed a cane toad
 10699 | Lair:1   | Mangled by a blink frog

Illustrated notes

Levels and vault maps discovered:
D:1:      dpeg_arrival_water_fire, layout_basic, moated_statue
D:2:      layout_basic, nicolae_dithmenos_through_a_glass_darkly,
          nicolae_overflow_hidden_temple, nicolae_qazlal_general_emergency
D:3:      minmay_wonky_spiral, layout_basic, lemuel_round_altar,
          chequers_ecumenical_altar_simple_redux
D:4:      layout_cave_pools, okawaru_altar_gauntlet_db,
          nemelex_lonely_heart_becter
D:5:      layout_basic, hellmonk_ghost_happy_afterlife, serial_shops, shop
D:6:      layout_basic, lemuel_coloured_pillars_altar, temple_pool_b,
          fedhas_altar_3, uniq_grinder
D:7:      layout_rooms, makhleb_altar_promises_db, serial_shops,
          nicolae_shop_stone
D:8:      layout_rooms, lemuel_crystal_altar, kennysheep_mini_moat,
          dpeg_lair_monsters, basic_altar, hangedman_tree_tricks,
          kennysheep_just_a_vault
Temple:   jpeg_temple_island
Lair:1:   layout_layer_cave, minivault_19, chequers_serial_rivers_small_b,
          dpeg_stationary_puzzle, infiniplex_staircase_pool,
          serial_bayou_shore_b, grunt_megastairs_2, lemuel_fruit_fields

Skill      XL: |  1  2  3  4  5  6  7  8  9 10 |
---------------+-------------------------------+-----
Spellcasting   | 5 6 7 |  7.6
Invocations    | 1 2 3 4 5 6 |  6.2
Short Blades   | 1 2 3 5 |  5.7
Long Blades    | 1 2 3 5 |  5.7
Axes           | 1 2 3 5 |  5.7
Maces & Flails | 1 2 3 5 |  5.7
Staves         | 1 2 3 5 |  5.7
Slings         | 1 2 3 5 |  5.7
Bows           | 1 2 3 5 |  5.7
Crossbows      | 1 2 3 5 |  5.7
Stealth        | 1 2 3 5 |  5.7
Shields        | 1 2 3 5 |  5.7
Unarmed Combat | 1 2 3 5 |  5.7
Conjurations   | 1 2 3 4 |  4.7
Hexes          | 1 2 3 4 |  4.7
Summonings     | 1 2 3 4 |  4.7
Necromancy     | 1 2 3 4 |  4.7
Transmutations | 1 2 3 4 |  4.7
Fire Magic     | 1 2 3 4 |  4.7
Ice Magic      | 1 2 3 4 |  4.7
Air Magic      | 1 2 3 4 |  4.7
Earth Magic    | 1 2 3 4 |  4.7
Poison Magic   | 1 2 3 4 |  4.7
Evocations     | 1 2 3 5 |  5.7
Throwing       | 3 4 5 6 |  6.3
Armour         | 3 4 5 6 |  6.3
Fighting       | 5 6 7 |  7.4
Polearms       | 5 6 7 |  7.4
Dodging        | 5 6 7 |  7.4
Translocations | 6 7 |  7.3

Action                   |  1- 3 |  4- 6 |  7- 9 | 10-12 || total
-------------------------+-------+-------+-------+-------++-------
Melee: Whip              |   139 |    33 |       |       ||   172
       Spear             |     9 |    44 |       |       ||    53
       Bite              |    16 |    19 |    42 |     9 ||    86
       Punch             |     1 |     1 |       |       ||     2
       Trident           |       |   118 |     9 |       ||   127
       Broad axe         |       |       |   191 |    90 ||   281
       Hand axe          |       |       |   133 |       ||   133
Throw: Dart              |     5 |       |     9 |       ||    14
 Cast: Blink             |       |       |    11 |     3 ||    14
Evoke: Wand              |       |       |     1 |       ||     1
  Use: Scroll            |     4 |     4 |     9 |     1 ||    18
       Potion            |       |       |       |     5 ||     5
 Stab: Sleeping          |       |       |     1 |       ||     1
       Distracted        |       |       |     1 |     1 ||     2
Armor: Leather armour    |    12 |       |       |       ||    12
       Ring mail         |    25 |    43 |    66 |    22 ||   156
Dodge: Dodged            |    80 |   122 |   173 |    63 ||   438
Block: Other             |    15 |    36 |       |       ||    51
       Buckler           |       |    18 |   226 |    78 ||   322
       Reflection        |       |     5 |     7 |       ||    12

Table legend: (Time is in decaauts)
 A = Elapsed time spent in this place.
 B = Non-inter-level travel time spent in this place.
 C = Inter-level travel time spent in this place.
 D = Time resting spent in this place.
 E = Time spent auto-exploring this place.
 F = Levels seen in this place.
 G = Mean time per level.
                   A        B        C        D        E       F      G
               +--------+--------+--------+--------+--------+-----+--------+
         Total |  10899 |  10583 |    316 |   3308 |   4132 |  10 | 1089.9 |
       Dungeon |   9953 |   9670 |    283 |   2873 |   3896 |   8 | 1244.1 |
        Temple |    278 |    262 |     16 |      0 |    227 |   1 |  278.0 |
          Lair |    667 |    650 |     17 |    435 |      9 |   1 |  667.0 |
               +--------+--------+--------+--------+--------+-----+--------+

Top non-repeatable levels by time:
     D:5: 1636 daAuts
     D:2: 1529 daAuts
     D:8: 1390 daAuts
     D:1: 1328 daAuts
     D:7: 1172 daAuts
     D:6: 1067 daAuts
     D:3: 1037 daAuts
     D:4: 791 daAuts
  Lair:1: 667 daAuts
  Temple: 278 daAuts
